 Dungeon Crawl Stone Soup version 0.22-a0-362-g535178c (webtiles) character file.

278 mortelune the Slasher (level 6, 40/48 HPs)
             Began as a Demonspawn Abyssal Knight on Apr 20, 2018.
             Was a Follower of Lugonu.
             Quit the game on level 4 of the Dungeon.
             The game lasted 00:06:37 (3679 turns).

mortelune the Slasher (Demonspawn Abyssal Knight)   Turns: 3679, Time: 00:06:38

Health: 40/48      AC:  9    Str: 16    XL:     6   Next: 5%
Magic:  7/7        EV: 11    Int: 17    God:    Lugonu [*.....]
Gold:   211        SH:  0    Dex: 13    Spells: 5/5 levels left

rFire    . . .     SeeInvis .   a - +1 falchion
rCold    . . .     Gourm    .   (no shield)
rNeg     . . .     Faith    .   l - +0 ring mail
rPois    .         Spirit   .   (helmet restricted)
rElec    .         Reflect  .   (no cloak)
rCorr    .         Harm     .   s - +2 pair of gloves
MR       .....                  n - +0 pair of boots
Stlth    +.........             (no amulet)
HPRegen  0.16/turn              h - +4 ring of intelligence
MPRegen  0.10/turn              o - +2 ring of strength

@: no status effects
A: antennae 1, claws 1, talons 1, rot immunity
a: Depart the Abyss, Renounce Religion


You were on level 4 of the Dungeon.
You worshipped Lugonu.
Lugonu was aware of your devotion.
You were not hungry.

You visited 1 branch of the dungeon, and saw 4 of its levels.
You visited the Abyss 1 time.

You collected 211 gold pieces.

Inventory:

Hand Weapons
 a - a +1 falchion (weapon)
Armour
 b - a +0 leather armour
 k - a +1 helmet
 l - a +0 ring mail (worn)
 n - a +0 pair of boots (worn)
 s - a +2 pair of gloves (worn)
Jewellery
 h - a +4 ring of intelligence (left hand)
 o - a +2 ring of strength (right hand)
Wands
 t - a wand of acid (11)
Scrolls
 e - a scroll of enchant weapon {unknown}
 f - 2 scrolls of identify
 m - 4 scrolls of remove curse
 p - a scroll of enchant armour {unknown}
 q - 2 scrolls of random uselessness {unknown}
 r - a scroll of immolation {unknown}
Potions
 d - a potion of might
 g - a potion of berserk rage
 i - a potion of brilliance
 j - 3 potions of curing
Comestibles
 c - 8 rations


   Skills:
 + Level 4.2 Fighting
 * Level 4.3 Long Blades
 - Level 1.7 Armour
 + Level 2.7 Dodging
 - Level 2.4 Invocations


You had 5 spell levels left.
You didn't know any spells.

Dungeon Overview and Level Annotations

Branches:
Dungeon (4/15)             Temple (0/1) D:4

Altars:
Ru
The Shining One

Annotations:
D:3 RoseArtemis's ghost, amateur GrMo


Innate Abilities, Weirdness & Mutations

You have a pair of small antennae on your head.
You have sharp fingernails.
You have sharp toenails.
You are immune to rotting.


Message History

The centaur skeleton is heavily damaged.
The centaur skeleton barely misses you. The centaur skeleton hits you.
You hit the centaur skeleton.
The centaur skeleton is severely damaged.
The centaur skeleton barely misses you.
You slash the centaur skeleton!
The centaur skeleton is almost destroyed.
The centaur skeleton misses you.
The centaur skeleton hits you but does no damage.
You hit the centaur skeleton.
You destroy the centaur skeleton!
Lugonu accepts your kill.
You have reached level 6!
Your experience leads to an increase in your attributes!
Your base attributes are Str 13, Int 13, Dex 13.
Increase (S)trength, (I)ntelligence, or (D)exterity?
You feel stronger.
Your demonic ancestry asserts itself...
A pair of antennae grows on your head!
Your +1 helmet falls away!
Are you sure you want to abandon this character and quit the game? (Confirm with "yes".)

##..#.#.#.#.#..
#.................
#####.. ##.#.......#.#
#...... #...........#
###...... #.#...>...#.#
.....8..# #....[......#
#......# #.#.......#.#
###.....####...........#
.......@.....#.#.#.#.#.#
.###.######.............
#...........##
#.........###
###.###...# #.# #### #.#
'#


There were no monsters in sight!

Vanquished Creatures
  A hound (D:4)
  An orc wizard (D:4)
  An orc priest (D:4)
  A centaur skeleton (D:4)
  2 worker ants (D:4)
  A howler monkey zombie (D:4)
  3 adders
  3 adder zombies (D:4)
  3 adder skeletons (D:4)
  A dart slug (D:1)
  2 leopard geckos
  2 orcs (D:4)
  A bat (D:3)
  4 giant cockroaches
  2 hobgoblins
  6 jackals (D:2)
  A quokka (D:4)
  A ball python (D:1)
  4 frilled lizards (D:2)
  3 goblins
  A jackal skeleton (D:4)
  10 kobolds
  2 leopard gecko skeletons (D:4)
  7 rats
63 creatures vanquished.

Notes
Turn   | Place    | Note
-------+----------+-------------------------------------------
     0 | Abyss:1  | mortelune the Demonspawn Abyssal Knight began the quest for the Orb.
     0 | Abyss:1  | Reached XP level 1. HP: 18/18 MP: 2/2
     9 | D:1      | Escaped the Abyss
    50 | D:1      | Found a glowing golden altar of the Shining One.
   172 | D:1      | Reached skill level 1 in Dodging
   527 | D:1      | Gained mutation: You have sharp fingernails. [demonic ancestry]
   527 | D:1      | Reached XP level 2. HP: 24/24 MP: 3/3
  1318 | D:2      | Reached XP level 3. HP: 24/29 MP: 4/4
  1664 | D:2      | Reached * piety under Lugonu
  2109 | D:3      | Found a sacrificial altar of Ru.
  2215 | D:3      | Noticed RoseArtemis's ghost (amateur GrMo)
  2581 | D:4      | Gained mutation: You are immune to rotting. [demonic ancestry]
  2581 | D:4      | Reached XP level 4. HP: 25/36 MP: 5/5
  3249 | D:4      | Gained mutation: You have sharp toenails. [demonic ancestry]
  3249 | D:4      | Reached XP level 5. HP: 41/42 MP: 6/6
  3398 | D:4      | Found a staircase to the Ecumenical Temple.
  3678 | D:4      | Gained mutation: You have a pair of small antennae on your head. [demonic ancestry]
  3678 | D:4      | Reached XP level 6. HP: 40/48 MP: 7/7
  3679 | D:4      | Quit the game

Vault maps used:
D:1:      kennysheep_arrival_forest, nrook_mini_vaults, tso_metal_star
D:2:      bh_walls_and_bars
D:3:      serial_glass, glass_columns_a, glass_columns_b, lemuel_statue_altar
D:4:      minmay_temple_entry_glass, serial_undead, serial_undead_d,
          serial_undead_d, serial_undead_a, serial_undead_c, first_ration
Abyss:1:  gammafunk_abyss_exit_x_factor, minivault_5

Skill      XL: |  1  2  3  4  5 |
---------------+----------------+-----
Dodging        | 1 2 |  2.7
Long Blades    | 2 3 4 |  4.3
Fighting       | 4 |  4.2
Armour         | |  1.7
Invocations    | |  2.4

Action                   |  1- 3 |  4- 6 || total
-------------------------+-------+-------++-------
Melee: Falchion          |   124 |   115 ||   239
Invok: Depart the Abyss  |     1 |       ||     1
  Use: Scroll            |     5 |       ||     5
  Eat: Chunk             |     5 |     4 ||     9
Armor: Leather armour    |     6 |       ||     6
       Ring mail         |    60 |    61 ||   121
Dodge: Dodged            |    85 |    74 ||   159
       Rpst.: Falchion   |    29 |    21 ||    50

Table legend:
 A = Spawn XP
 B = Non-spawn XP
 C = Spawn XP percentage of total XP
 D = Spawn monster count
 E = Non-spawn monster count
 F = Spawn count percentage of total count
 G = Total turns spent on level
                    A         B        C        D         E        F      G
               +---------+---------+-------+---------+---------+-------+---------
         Total |       0 |     398 |   0.0 |       0 |      63 |   0.0 |  3679
               +---------+---------+-------+---------+---------+-------+---------
           D:1 |       0 |      13 |   0.0 |       0 |       8 |   0.0 |   891
           D:2 |       0 |      70 |   0.0 |       0 |      30 |   0.0 |  1191
           D:3 |       0 |       6 |   0.0 |       0 |       4 |   0.0 |   479
           D:4 |       0 |     309 |   0.0 |       0 |      21 |   0.0 |  1109
               +---------+---------+-------+---------+---------+-------+---------
